 Dungeon Crawl Stone Soup version 0.24.0-123-gd5b16e6ec5 (webtiles) character file.

Game seed: 3372708965860171631, levelgen mode: deterministic

24 Martska the Chiller (level 3, -2/26 HPs)
             Began as a Merfolk Ice Elementalist on Jan 31, 2020.
             Slain by a worm (9 damage)
             ... on level 2 of the Dungeon.
             The game lasted 00:02:12 (1021 turns).

Martska the Chiller (Merfolk Ice Elementalist)      Turns: 1021, Time: 00:02:13

Health: -2/26      AC:  3    Str:  8    XL:     3   Next: 2%
Magic:  1/6        EV: 13    Int: 14    God:
Gold:   38         SH:  0    Dex: 15    Spells: 5/6 levels left

rFire    . . .     SeeInvis +   b - +0 short sword
rCold    + . .     Gourm    .   (no shield)
rNeg     . . .     Faith    .   j - +0 leather armour
rPois    .         Spirit   .   (no helmet)
rElec    .         Reflect  .   (no cloak)
rCorr    .         Harm     .   (no gloves)
MR       .....                  (no boots)
Stlth    ++........             (no amulet)
HPRegen  0.08/turn              h - ring of see invisible
MPRegen  0.10/turn              i - ring of protection from cold

@: very slightly contaminated
A: change form in water, swift swim, stealthy swim
a: no special abilities


You were on level 2 of the Dungeon.
You were hungry.

You visited 1 branch of the dungeon, and saw 2 of its levels.

You collected 38 gold pieces.

Inventory:

Hand Weapons
 b - a +0 short sword (weapon)
Missiles
 e - 9 javelins (quivered)
Armour
 a - a +0 robe
 j - a +0 leather armour (worn)
Jewellery
 h - a ring of see invisible (left hand)
 i - a ring of protection from cold (right hand)
Scrolls
 f - 3 scrolls of teleportation {unknown}
Potions
 d - 3 potions of curing {unknown}
 g - a potion of resistance {unknown}
Comestibles
 c - 3 rations


   Skills:
 + Level 1.0 Fighting
 + Level 3.1 Dodging
 + Level 2.6 Stealth
 + Level 2.2 Spellcasting
   Level 0.7 Conjurations
 + Level 3.5 Ice Magic


You had 5 spell levels left.
You knew the following spells:

 Your Spells              Type           Power        Failure   Level  Hunger
a - Freeze                Ice            ##..         8%          1    #......

Your spell library contained the following spells:

 Spells                   Type           Power        Failure   Level  Hunger
 Throw Frost              Conj/Ice       #.....       22%         2    ###....
 Ozocubu's Armour         Chrm/Ice       #.......     43%         3    ###....
 Throw Icicle             Conj/Ice       #.......     80%         4    #####..
 Summon Ice Beast         Ice/Summ       #.......     85%         4    #####..


Dungeon Overview and Level Annotations

Branches:
Dungeon (2/15)

Altars:

Annotations:
D:2 Jessica


Message History

You freeze the worm.
The worm is severely wounded.
The worm bites you.
* * * LOW HITPOINT WARNING * * *
Casting: Freeze (safe; 8% risk of failure)
Confirm with . or Enter, or press ? or * to list all spells.
Aiming: Freeze (safe; 8% risk of failure)
Press: ? - help, Shift-Dir - straight line, f/p - worm
Aim: a worm (heavily wounded)
You freeze the worm.
The worm is almost dead.
Casting: Freeze (safe; 8% risk of failure)
Confirm with . or Enter, or press ? or * to list all spells.
Aiming: Freeze (safe; 8% risk of failure)
Press: ? - help, Shift-Dir - straight line, f/p - worm
Aim: a worm (almost dead)
You miscast Freeze.
You are very lightly contaminated with residual magic.
Nothing appears to happen.
The worm bites you!
You die...

####### #.....#
#.†...# #####.....#
####.........#
#....##......#
##.#..##..@...#
####..#(.##..w...###
..........(..........
##.............####
###......†....#
#.<..##......#
#.#.....###....
...#..#.## ..###
###...>#.# ..#


You could see a worm.

Vanquished Creatures
  A dart slug (D:1)
  A leopard gecko (D:1)
  7 giant cockroaches (D:1)
  A goblin (D:1)
  2 hobgoblins
  A bat (D:1)
  2 frilled lizards (D:1)
  2 kobolds
  3 rats
20 creatures vanquished.

Notes
Turn   | Place    | Note
-------+----------+-------------------------------------------
     0 | D:1      | Martska the Merfolk Ice Elementalist began the quest for
                  | the Orb.
     0 | D:1      | Reached XP level 1. HP: 13/13 MP: 3/3
   198 | D:1      | Reached XP level 2. HP: 12/20 MP: 5/5
   841 | D:1      | Reached skill level 1 in Fighting
   957 | D:2      | Noticed Jessica
  1000 | D:2      | Reached XP level 3. HP: 26/26 MP: 6/6
  1021 | D:2      | Slain by a worm

Levels and vault maps discovered:
D:1:      dpeg_arrival_central, layout_rooms, hangedman_decor_clover_reticule,
          minmay_worlds_worst_comb
D:2:      layout_basic, uniq_jessica

Skill      XL: |  1  2 |
---------------+-------+-----
Dodging        | 3 |  3.1
Fighting       | 1 |  1.0
Stealth        | |  2.6
Spellcasting   | |  2.2
Conjurations   | |  0.7
Ice Magic      | |  3.5

Action                   || total
-------------------------++-------
Melee: Short sword       ||    47
       Unarmed           ||     4
 Cast: Freeze            ||    20
 Stab: Sleeping          ||     3
Armor: Robe              ||     7
       Leather armour    ||     2
Dodge: Dodged            ||    50
